 Dungeon Crawl Stone Soup version 0.22.0-60-ga52c2fc (webtiles) character file.

165 Monsterracer the Chopper (level 5, 0/42 HPs)
             Began as a Barachi Fighter on Sept 9, 2018.
             Killed from afar by an orc wizard (8 damage)
             ... with a magic dart
             ... on level 3 of the Dungeon.
             The game lasted 00:02:57 (3054 turns).

Monsterracer the Chopper (Barachi Fighter)          Turns: 3054, Time: 00:02:58

Health: 0/42       AC:  5    Str: 19    XL:     5   Next: 46%
Magic:  5/5        EV:  8    Int:  8    God:
Gold:   100        SH:  9    Dex: 11    Spells: 4/4 levels left

rFire    . . .     SeeInvis .   a - +0 war axe
rCold    . . .     Gourm    .   f - +0 shield
rNeg     . . .     Faith    .   h - +0 ring mail (curse)
rPois    .         Spirit   .   (no helmet)
rElec    .         Reflect  .   (no cloak)
rCorr    .         Harm     .   (no gloves)
MR       .....                  (no boots)
Stlth    +.........             (no amulet)
HPRegen  0.14/turn              (no ring)
MPRegen  0.09/turn              (no ring)

@: slow
A: +LOS, swims, slowness 1, strong legs 1
a: Hop


You were on level 3 of the Dungeon.
You were not hungry.

You visited 1 branch of the dungeon, and saw 3 of its levels.

You collected 100 gold pieces.

Inventory:

Hand Weapons
 a - a +0 war axe (weapon)
 o - a +0 quarterstaff
Armour
 f - a +0 shield (worn)
 g - a +0 plate armour
 h - a cursed +0 ring mail (worn)
Scrolls
 e - a scroll of teleportation {unknown}
 i - a scroll of noise {unknown}
 j - a scroll of random uselessness {unknown}
 l - a scroll of fear {unknown}
 n - a scroll of remove curse {unknown}
Potions
 b - a potion of curing {unknown}
 c - a potion of brilliance {unknown}
 d - a potion of might
 k - a potion of berserk rage {unknown}
 m - 2 potions of agility {unknown}


   Skills:
 + Level 4.1 Fighting
 * Level 5.1 Axes
 + Level 4.1 Armour
 + Level 3.7 Shields


You had 4 spell levels left.
You didn't know any spells.
Your spell library was empty.

Dungeon Overview and Level Annotations

Branches:
Dungeon (3/15)

Altars:


Innate Abilities, Weirdness & Mutations

Shadows flee at your approach. (+LOS)
You can swim through water.
You cover ground slowly.
You can hop short distances.


Message History

The bat barely misses you.
You take 1 damage, and have 31/42 hp.
You block the bat's attack. The bat barely misses you.
The bat closely misses you.
You slash the bat!
You kill the bat!
You see here a bat corpse.
All of the chunks of flesh in your inventory have rotted away.
Found a leather armour.
Health restored: 42 A bat comes into view.
The bat hits you but does no damage.
You miss the bat. You block the bat's attack. The bat hits you.
You take 1 damage, and have 41/42 hp.
The bat hits you but does no damage.
Found 2 purple potions.
Your shield prevents you from hitting the bat.
The bat barely misses you. The bat misses you.
You barely miss the bat. The bat misses you. The bat hits you.
The bat hits you but does no damage.
You slash the bat!
You kill the bat!
No target in view!
No target in view!
No target in view!
You take 1 damage, and have 40/42 hp.
No target in view!
No target in view!
No target in view!
No target in view!
No target in view!
You see here a bat corpse.
Found a stone staircase leading down.
Health restored: 42 No target in view!
No target in view!
No target in view!
No target in view!
No target in view!
m - 2 purple potions A worm comes into view.
You hit the worm.
The worm is lightly wounded.
The worm bites you!
You take 7 damage, and have 35/42 hp.
A worm is nearby!
You slash the worm!
The worm is heavily wounded.
A worm is nearby!
You hit the worm but do no damage.
The worm is heavily wounded.
The worm bites you but does no damage.
Your shield prevents you from hitting the worm.
The worm is heavily wounded.
You block the worm's attack.
Your shield and ring mail prevent you from hitting the worm.
The worm is moderately wounded.
The worm closely misses you.
You hit the worm.
The worm is moderately wounded.
The worm closely misses you.
You slash the worm!
The worm is almost dead.
You hit the worm.
You kill the worm!
No target in view!
No target in view!
No target in view!
No target in view!
An orc priest comes into view. It is wielding a flail.
The orc priest shouts!
The orc priest calls down the wrath of Beogh upon you.
Beogh smites you!
An orc priest is nearby!
You take 14 damage, and have 23/42 hp.
MASSIVE DAMAGE!!
An orc priest is nearby!
You start resting.
The orc priest is too close now for your liking.
The orc priest invokes the aid of Beogh against you.
Beogh smites you!
* * * LOW HITPOINT WARNING * * *
An orc wizard comes into view. It is wielding a dagger.
The orc priest looks encouraged for a moment.
The orc wizard shouts!
You hear a shout!
You take 14 damage, and have 10/42 hp.
MASSIVE DAMAGE!!
You closely miss the orc priest.
You hear a shout!
The orc priest hits you but does no damage.
You slash the orc priest!
The orc priest is severely wounded.
The orc wizard casts a spell.
The orc wizard seems to speed up.
The orc priest hits you with a flail.
* * * LOW HITPOINT WARNING * * *
You hear a shout!
You take 3 damage, and have 7/42 hp.
You barely miss the orc priest.
The orc priest is severely wounded.
The orc wizard gestures at you while chanting.
The magic dart hits you!
You die...

#####..#†#
#..#.#
#....########
##.#........#
#.#.######.#
#.#.######.#
#.#..>......
##.#..#####.#
#..@..#
#..o...o...#
.....#...#.#
.#.# ##.##.#
#. #. .. #.
### #+ #.#
#.###


You could see an orc priest and an orc wizard.

Vanquished Creatures
  A bullfrog skeleton (D:3)
  5 adders
  2 oozes (D:1)
  3 worms
  2 dart slugs
  A leopard gecko (D:1)
  An orc (D:2)
  A ball python (D:3)
  15 goblins
  8 hobgoblins
  8 jackals
  7 bats
  5 kobolds
  6 rats
65 creatures vanquished.

Notes
Turn   | Place    | Note
-------+----------+-------------------------------------------
     0 | D:1      | Monsterracer the Barachi Fighter began the quest for the
                  | Orb.
     0 | D:1      | Reached XP level 1. HP: 18/18 MP: 1/1
    11 | D:1      | Reached XP level 2. HP: 24/25 MP: 2/2
   266 | D:1      | Reached XP level 3. HP: 28/30 MP: 3/3
   833 | D:2      | Reached skill level 3 in Axes
   854 | D:2      | HP: 15/30 [poisoned by an adder]
   861 | D:2      | HP: 14/30 [poisoned by an adder]
   869 | D:2      | HP: 13/30 [poisoned by an adder]
   896 | D:2      | Reached XP level 4. HP: 20/37 MP: 4/4
  1099 | D:2      | Noticed an orc warrior
  1103 | D:2      | HP: 15/37 [orc warrior/trident (9)]
  1104 | D:2      | HP: 4/37 [orc/morningstar (12)]
  1123 | D:3      | HP: 5/37 [goblin (1)]
  1407 | D:3      | HP: 18/37 [poisoned by an adder]
  1412 | D:3      | HP: 13/37 [poisoned by an adder]
  1418 | D:3      | HP: 12/37 [poisoned by an adder]
  1426 | D:3      | HP: 11/37 [poisoned by an adder]
  1701 | D:3      | Reached skill level 4 in Axes
  2001 | D:2      | Reached XP level 5. HP: 42/42 MP: 5/5
  2009 | D:2      | HP: 16/42 [worm (7)]
  2402 | D:2      | HP: 9/42 [orc warrior/trident (22)]
  2411 | D:2      | HP: 4/42 [orc warrior/trident (6)]
  2438 | D:2      | HP: 5/42 [something/puff of flame (4)]
  2782 | D:3      | Reached skill level 5 in Axes
  3051 | D:3      | HP: 10/42 [orc priest/divine providence (14)]
  3054 | D:3      | Killed from afar by an orc wizard

Skill      XL: |  1  2  3  4  5 |
---------------+----------------+-----
Armour         | 4 |  4.1
Fighting       | 4 |  4.1
Axes           | 3 4 5 |  5.1
Shields        | |  3.7

Action                   |  1- 3 |  4- 6 || total
-------------------------+-------+-------++-------
Melee: War axe           |   105 |   129 ||   234
 Abil: Hop               |       |     2 ||     2
  Eat: Chunk             |     1 |     3 ||     4
       Ration            |       |     1 ||     1
Armor: Scale mail        |    12 |       ||    12
       Plate armour      |    28 |       ||    28
       Ring mail         |    24 |    43 ||    67
Dodge: Dodged            |    44 |    40 ||    84
Block: Shield            |    71 |    62 ||   133

Vault maps used:
D:1:      lightli_arrival_boilingwater
D:3:      lemuel_round_altar, uniq_terence
